 Dungeon Crawl Stone Soup version 0.27.0-1-g7a089689b8 (webtiles) character file.

Game seed: 2753731863682472270

184 sasquatch the Cudgeller (level 5, -5/45 HPs)
             Began as a Formicid Chaos Knight on Aug 10, 2021.
             Was a Plaything of Xom.
             Slain by a water moccasin (7 damage)
             ... on level 5 of the Dungeon.
             The game lasted 00:04:52 (3228 turns).

sasquatch the Cudgeller (Formicid Chaos Knight)     Turns: 3228, Time: 00:04:53

Health: -5/45      AC:  3    Str: 15    XL:     5   Next: 95%
Magic:  5/5        EV: 11    Int: 14    God:    Xom [...*..]
Gold:   186        SH:  0    Dex: 10    Spells: 4/4 levels left

rFire    . . .     SeeInvis +   a - +0 mace (chaos)
rCold    . . .     Faith    .   (no shield)
rNeg     . . .     Spirit   .   b - +2 leather armour
rPois    .         Reflect  .   (helmet unavailable)
rElec    .         Harm     .   (no cloak)
rCorr    .         Rampage  .   (no gloves)
Will     .....                  (no boots)
Stlth    +.........             (no amulet)
HPRegen  0.15/turn              (no ring)
MPRegen  0.09/turn              (no ring)

@: no status effects
A: permanent stasis, dig shafts and tunnels, antennae 3, four strong arms,
clever 1, deformed body, robust 1, weak 1, MP-powered wands
a: Dig, Shaft Self, Renounce Religion


You were on level 5 of the Dungeon.
You worshipped Xom.
You were a favourite toy of Xom.
You visited 1 branch of the dungeon, and saw 4 of its levels.

You collected 186 gold pieces.

Inventory:

Hand Weapons
 a - a +0 mace of chaos (weapon)
Missiles
 g - 27 sling bullets
Armour
 b - a +2 leather armour (worn)
 c - a +0 plate armour
Wands
 i - a wand of mindburst (12)
Scrolls
 e - 2 scrolls of noise {unknown}
 f - 4 scrolls of identify {unknown}
 h - a scroll of amnesia {unknown}
 j - a scroll of blinking {unknown}
 k - 3 scrolls of enchant weapon {unknown}
Potions
 d - a potion of lignification {unknown}


   Skills:
 - Level 3.2 Fighting
 + Level 6.1 Maces & Flails
 - Level 2.1 Armour
 - Level 0.8 Dodging


You had 4 spell levels left.
You didn't know any spells.
Your spell library was empty.

Dungeon Overview and Level Annotations

Branches:
Dungeon (3/15)

Altars:
Ashenzari
Xom


Innate Abilities, Weirdness & Mutations

You cannot be hasted, slowed, berserked, paralysed or teleported.
You can dig through walls and to a lower floor.
You have a pair of large antennae on your head. (SInv)
Your four strong arms can wield two-handed weapons with a shield.
Your mind is acute. (Int +2)
Armour fits poorly on your strangely shaped body.
You are robust. (+10% HP)
You are weak. (Str -2)
You expend magic power (3 MP) to strengthen your wands.


Message History

The iguana bites you! The iguana bites you.
You hit the iguana. Lightning courses through the iguana!
You kill the iguana!
Your life force feels restored.
Your Maces & Flails skill increases to level 6!
No target in view!
No target in view!
A water moccasin comes into view.
There is a stone staircase leading up here.
You barely miss the water moccasin. The water moccasin closely misses you.
You hit the water moccasin. You burn the water moccasin.
The water moccasin is lightly wounded.
The water moccasin barely misses you.
The water moccasin bites you but does no damage.
You closely miss the water moccasin.
The water moccasin is lightly wounded.
The water moccasin bites you!
You hit the water moccasin.
The water moccasin seems to slow down.
You freeze the water moccasin.
The water moccasin is heavily wounded.
The water moccasin bites you.
* * * LOW HITPOINT WARNING * * *
You miss the water moccasin.
The water moccasin is heavily wounded.
The water moccasin closely misses you.
You hit the water moccasin.
The water moccasin easily resists.
The water moccasin is heavily wounded.
The water moccasin bites you!
* * * LOW HITPOINT WARNING * * *
You barely miss the water moccasin.
The water moccasin is heavily wounded.
The water moccasin is no longer moving slowly.
The water moccasin bites you.
* * * LOW HITPOINT WARNING * * *
You sock the water moccasin!
The water moccasin is severely wounded.
The water moccasin bites you.
* * * LOW HITPOINT WARNING * * *
The water moccasin bites you!
You die...

...#.#.#.....#.#.#.....
..#..#..#...#..#..#....
.#...#...#.#...#...#..
..).......(..†......# #
##.......###.....#.##.#
#.#.....#.#.#.........##
#..#...#..#..#..........
#...#.#...#...#.S.......
################@.......
..# #.......... ..#
#.......... +##
............ .######
###.......... .....Y.
+.......... .######
#.......... .#
#####.##### ##


You could see a water moccasin.

Vanquished Creatures
  A water moccasin skeleton (D:5)
  A jelly (D:3)
  An iguana (D:5)
  2 adders (D:2)
  2 dart slugs (D:1)
  3 bats (D:2)
  7 endoplasms
  3 giant cockroaches
  4 goblins (D:2)
  2 hobgoblins
  9 jackals
  4 kobolds
  4 quokkas
  5 ball pythons
  A frilled lizard (D:1)
  5 rats
54 creatures vanquished.

Notes
Turn   | Place    | Note
-------+----------+-------------------------------------------
     0 | D:1      | sasquatch the Formicid Chaos Knight began the quest for the
                  | Orb.
     0 | D:1      | Reached XP level 1. HP: 18/18 MP: 1/1
    30 | D:1      | XOM: silly message
    58 | D:1      | Reached XP level 2. HP: 20/24 MP: 2/2
   297 | D:1      | XOM: potion effect (brilliance)
   587 | D:1      | XOM: noise
   648 | D:1      | Reached skill level 4 in Maces & Flails
   648 | D:1      | Reached XP level 3. HP: 29/29 MP: 3/3
  1115 | D:2      | XOM: god gift: 27 sling bullets
  1195 | D:2      | XOM is BORED!
  1195 | D:2      | XOM: confusion
  1208 | D:2      | Reached XP level 4. HP: 24/35 MP: 4/4
  1545 | D:2      | XOM: give mutation
  1545 | D:2      | Gained mutation: Your mind is acute. (Int +2) [Xom's grace]
  1705 | D:2      | Found a faded altar of an unknown god.
  1718 | D:2      | Reached skill level 5 in Maces & Flails
  2153 | D:2      | XOM is BORED!
  2153 | D:2      | XOM: give mutations
  2153 | D:2      | Gained mutation: You are robust. (+10% HP) [Xom's mischief]
  2153 | D:2      | Gained mutation: Armour fits poorly on your strangely
                  | shaped body. [Xom's mischief]
  2287 | D:2      | XOM: torment (20/38 hp)
  2573 | D:3      | Reached XP level 5. HP: 40/45 MP: 5/5
  2698 | D:3      | Found a shimmering altar of Xom.
  2788 | D:2      | XOM: silly message
  2868 | D:2      | XOM: give mutations
  2868 | D:2      | Gained mutation: You expend magic power (3 MP) to
                  | strengthen your wands. [Xom's mischief]
  2868 | D:2      | Gained mutation: You are weak. (Str -2) [Xom's mischief]
  2885 | D:3      | XOM: cast spell 'Disjunction'
  2907 | D:3      | You fall into a shaft and drop 2 floors!
  2907 | D:5      | Entered Level 5 of the Dungeon
  3081 | D:5      | Noticed a sky beast
  3097 | D:5      | Found a broken altar of Ashenzari.
  3097 | D:5      | Noticed an ice beast
  3115 | D:5      | XOM: draining
  3132 | D:5      | XOM: cleaving
  3135 | D:5      | XOM: blink monster(s)
  3216 | D:5      | Reached skill level 6 in Maces & Flails
  3217 | D:5      | Noticed a water moccasin
  3228 | D:5      | HP: 2/45 [water moccasin (2)]
  3228 | D:5      | Slain by a water moccasin

Illustrated notes

Levels and vault maps discovered:
D:1:      psy_arrival_statuary, layout_basic
D:2:      minmay_inner_zag, layout_basic, serial_curves, eino_curves_01,
          eino_curves_02, eino_curves_02, basic_ecumenical_altar
D:3:      layout_loops_ring, mainiacjoe_overflow_six_doors_small
D:5:      layout_basic, nicolae_qazlal_style_of_elements,
          nicolae_ashenzari_panopticon, nemelex_xobeh_ov_fountains_minmay,
          st_stairs_7, serial_bayou_pond_d, small_statue_intersection,
          hangedman_decor_diamond_cutter

Skill      XL: |  1  2  3  4  5 |
---------------+----------------+-----
Maces & Flails | 4 5 6 |  6.1
Fighting       | |  3.2
Armour         | |  2.1
Dodging        | |  0.8

Action                   |  1- 3 |  4- 6 || total
-------------------------+-------+-------++-------
Melee: Mace              |    80 |    70 ||   150
 Abil: Dig               |       |     4 ||     4
       Shaft Self        |       |     1 ||     1
 Stab: Paralysed         |     2 |       ||     2
Armor: Plate armour      |    21 |       ||    21
       Leather armour    |    34 |    21 ||    55
Dodge: Dodged            |    54 |    43 ||    97
